 Dungeon Crawl Stone Soup version 0.29-a0-284-gf9362112df (webtiles) character file.

Game seed: 7698577439513936830

78 horus123 the Magician (level 4, -3/24 HPs)
             Began as a Deep Elf Conjurer on Mar 16, 2022.
             Slain by Crazy Yiuf
             ... wielding a +4 quarterstaff of chaos
              (15 damage)
             ... on level 3 of the Dungeon.
             The game lasted 00:02:46 (2256 turns).

horus123 the Magician (Deep Elf Conjurer)           Turns: 2256, Time: 00:02:47

Health: -3/24      AC:  2    Str:  4    XL:     4   Next: 15%
Magic:  7/14       EV: 17    Int: 25    God:
Gold:   95         SH:  0    Dex: 13    Spells: 1/15 levels left

rFire   . . .      SeeInvis .   i - +3 short sword (freeze)
rCold   . . .      Faith    .   (no shield)
rNeg    . . .      Spirit   .   a - +0 robe
rPois   .          Reflect  .   (no helmet)
rElec   .          Harm     .   (no cloak)
rCorr   .          Rampage  .   (no gloves)
Will    .....                   (no boots)
Stlth   ++........              (no amulet)
HPRegen 0.08/turn               (no ring)
MPRegen 0.14/turn               (no ring)

@: agile
A: no striking features
a: no special abilities


You were on level 3 of the Dungeon.
You visited 1 branch of the dungeon, and saw 3 of its levels.

You collected 95 gold pieces.

Inventory:

Hand Weapons
 i - a +3 short sword of freezing (weapon)
Armour
 a - a +0 robe (worn)
Jewellery
 e - a ring of ice
 j - a ring of fire
Scrolls
 f - a scroll of immolation {unknown}
 g - a scroll of teleportation {unknown}
 h - a scroll of identify {unknown}
Potions
 b - a potion of magic
 c - a potion of flight {unknown}
 d - a potion of berserk rage {unknown}


   Skills:
 - Level 2.4 Dodging
 - Level 2.4 Stealth
 + Level 6.1 Spellcasting
 - Level 4.3 Conjurations


You had one spell level left.
You knew the following spells:

 Your Spells              Type           Power      Damage    Failure   Level
a - Magic Dart            Conj           100%       1d8       1%          1
b - Searing Ray           Conj           58%        2d6       1%          2
c - Fulminant Prism       Conj/Hex       9%         3d7       30%         4
d - Anguish               Hex/Necr       3%         N/A       58%         4
e - Tukima's Dance        Hex            7%         N/A       22%         3

Your spell library contained the following spells:

 Spells                   Type           Power      Damage    Failure   Level
 Dazzling Flash           Conj/Hex       36%        N/A       9%          3
 Call Imp                 Summ           7%         N/A       11%         2
 Mephitic Cloud           Conj/Pois/Air  14%        N/A       12%         3
 Iskenderun's Mystic Bla  Conj/Tloc      18%        2d6       30%         4
 Enfeeble                 Hex            3%         N/A       100%        7


Dungeon Overview and Level Annotations

Branches:
Dungeon (3/15)

Altars:

Annotations:
D:3 Crazy Yiuf


Message History

You can't see any susceptible monsters within range! (Use Z to cast anyway.)
You can't see any susceptible monsters within range! (Use Z to cast anyway.)
You can't see any susceptible monsters within range! (Use Z to cast anyway.)
Things that are here:
a +0 club; a goblin corpse
Found a crystal mace.
Found a runed translucent door.
You can't see any susceptible monsters within range! (Use Z to cast anyway.)
You open the door.
Crazy Yiuf shouts!
Casting: Magic Dart (safe; 1% risk of failure)
Confirm with . or Enter, or press ? or * to list all spells.
Aiming: Searing Ray (safe; 1% risk of failure)
Press: ? - help, Shift-Dir - straight line, f - Crazy Yiuf
Aim: Crazy Yiuf, wielding a +4 quarterstaff of chaos and wearing a +2 cloak (82% to hit)
The searing ray hits Crazy Yiuf!
Crazy Yiuf is severely wounded. (Press . to maintain the ray.) Crazy Yiuf drinks a potion.
Crazy Yiuf is healed!
The searing ray hits Crazy Yiuf.
Crazy Yiuf is moderately wounded.
The searing ray hits Crazy Yiuf.
Crazy Yiuf is heavily wounded.
Crazy Yiuf whimpers, "Aardvark!
Hack hog broken."
The searing ray hits Crazy Yiuf.
Crazy Yiuf is severely wounded.
You finish channelling your searing ray.
Crazy Yiuf hits you with a +4 quarterstaff of chaos!
Ouch! That really hurt!
You feel agile all of a sudden.
Casting: Searing Ray (safe; 1% risk of failure)
Confirm with . or Enter, or press ? or * to list all spells.
Aiming: Searing Ray (safe; 1% risk of failure)
Press: ? - help, Shift-Dir - straight line, f/p - Crazy Yiuf
Aim: Crazy Yiuf, wielding a +4 quarterstaff of chaos and wearing a +2 cloak (severely wounded, 82% to hit)
The searing ray hits Crazy Yiuf.
Crazy Yiuf is almost dead. (Press . to maintain the ray.) Crazy Yiuf hits you with a +4 quarterstaff of chaos!
Ouch! That really hurt!
You die...

...........###....####...........
#..........# #^...# #...........
#..........# #....# #...........
#..........# #...## #...........
#..........# ##.## .#..>......
#..........# #.## #.##......
#..........# ##.# #..).....#
...........# #.## #........#
...........# ##@# ###.........
....##.....# #g# #...#......#
......)....# ... #...#.#.....
...........# #...# #...#.......
...........# #..)# #<..'.......
....#......# ##### #...#.......
....###+#### #...#.......
....###.######## #...#.......
............[#.# #####.......


You could see Crazy Yiuf.

Vanquished Creatures
  An adder (D:2)
  3 dart slugs
  2 orcs
  10 bats
  9 endoplasms
  2 giant cockroaches (D:2)
  6 goblins
  5 hobgoblins
  2 quokkas
  6 ball pythons
  3 frilled lizards
  3 kobolds
  2 rats
54 creatures vanquished.

Vanquished Creatures (others)
  3 gnolls (D:2)
3 creatures vanquished.

Grand Total: 57 creatures vanquished

Notes
Turn   | Place    | Note
-------+----------+-------------------------------------------
     0 | D:1      | horus123 the Deep Elf Conjurer began the quest for the Orb.
     0 | D:1      | Reached XP level 1. HP: 10/10 MP: 6/6
   301 | D:1      | Reached skill level 4 in Spellcasting
   301 | D:1      | Reached XP level 2. HP: 15/15 MP: 7/9
   304 | D:1      | Learned a level 2 spell: Searing Ray
   799 | D:1      | Found a faded altar of an unknown god.
   812 | D:1      | Reached XP level 3. HP: 19/19 MP: 8/11
  1066 | D:2      | Reached skill level 5 in Spellcasting
  1761 | D:2      | Reached XP level 4. HP: 24/24 MP: 11/13
  1916 | D:2      | Reached skill level 6 in Spellcasting
  1960 | D:2      | Learned a level 4 spell: Fulminant Prism
  1965 | D:2      | Learned a level 4 spell: Anguish
  1969 | D:2      | Learned a level 3 spell: Tukima's Dance
  2247 | D:3      | Found a runed translucent door.
  2248 | D:3      | Noticed Crazy Yiuf
  2256 | D:3      | Slain by Crazy Yiuf

Illustrated notes

Levels and vault maps discovered:
D:1:      ncdulo_halloftheorcs, layout_basic,
          shapermc_ecumenical_altar_mp_ritualfount
D:2:      layout_loops_cross, lemuel_old_faithful
D:3:      layout_basic, uniq_crazy_yiuf_cottage, uniq_ijyb

Skill      XL: |  1  2  3  4 |
---------------+-------------+-----
Spellcasting   | 4 5 6 |  6.1
Dodging        | |  2.4
Stealth        | |  2.4
Conjurations   | |  4.3

Action                   |  1- 3 |  4- 6 || total
-------------------------+-------+-------++-------
Melee: Short sword       |     1 |       ||     1
 Cast: Magic Dart        |    82 |    15 ||    97
       Searing Ray       |       |     2 ||     2
 Stab: Sleeping          |     1 |       ||     1
Dodge: Dodged            |     1 |       ||     1

Table legend: (Time is in decaauts)
 A = Elapsed time spent in this place.
 B = Non-inter-level travel time spent in this place.
 C = Inter-level travel time spent in this place.
 D = Time resting spent in this place.
 E = Time spent auto-exploring this place.
 F = Levels seen in this place.
 G = Mean time per level.
                   A        B        C        D        E       F      G
               +--------+--------+--------+--------+--------+-----+--------+
         Total |   2255 |   2215 |     40 |      0 |   1988 |   3 |  751.7 |
       Dungeon |   2255 |   2215 |     40 |      0 |   1988 |   3 |  751.7 |
               +--------+--------+--------+--------+--------+-----+--------+

Top non-repeatable levels by time:
     D:1: 1064 daAuts
     D:2: 963 daAuts
     D:3: 228 daAuts
